 Dungeon Sprint DCSS version 0.26-a0-1177-g1209ec82b9 (webtiles) character file.

Game seed: 6316659014658272850

1073 reriks the Cleaver (level 8, -20/132 HPs)
             Began as a Troll Berserker on Dec 24, 2020.
             Was a Priest of Trog.
             Demolished by a boulder beetle (27 damage)
             ... in the Dungeon (Sprint II: "The Violet Keep of Menkaure").
             The game lasted 00:00:54 (292 turns).

reriks the Cleaver (Troll Berserker)                 Turns: 292, Time: 00:00:54

Health: -20/132    AC:  6    Str: 28    XL:     8   Next: 7%
Magic:  7/7        EV: 13    Int:  3    God:    Trog [***...]
Gold:   486        SH:  0    Dex:  9    Spells: 7/7 levels left

rFire    . . .     SeeInvis .   a - +0 hand axe
rCold    . . .     Faith    .   (no shield)
rNeg     . . .     Spirit   .   b - +0 animal skin
rPois    .         Reflect  .   (helmet restricted)
rElec    .         Harm     .   (no cloak)
rCorr    .         Rampage  .   (gloves unavailable)
Will     ++...     NoTele   +   (boots unavailable)
Stlth    ..........             (no amulet)
HPRegen  1.72/turn              (no ring)
MPRegen  0.10/turn              (no ring)

@: berserking (expiring), regenerating, very quick
A: large, unfitting armour, claws 3, regeneration 1, shaggy fur 1, tough skin 3
a: Renounce Religion, Berserk, Trog's Hand


You were in the Dungeon.
You worshipped Trog.
Trog was most pleased with you.
You visited 1 branch You collected 486 gold pieces.

Inventory:

Hand Weapons
 a - a +0 hand axe (weapon)
Armour
 b - a +0 animal skin (worn)
Scrolls
 h - a scroll of blinking
Potions
 c - a potion of curing
 d - a potion of heal wounds
 e - a potion of haste
 f - 2 potions of magic
 g - a potion of berserk rage


   Skills:
 + Level 7.9 Fighting
 * Level 10.8 Axes
 + Level 7.9 Dodging


You had 7 spell levels left.
You didn't know any spells.
Your spell library was empty.

Dungeon Overview and Level Annotations

Branches:
Dungeon (1/1)

Altars:


Innate Abilities, Weirdness & Mutations

You are too large for most types of armour.
You have claws for hands.
Your natural rate of healing is unusually fast.
You are covered in fur. (AC +1)
You have extremely tough skin. (AC +3)


Message History

Unknown command.
You slash the boulder beetle!
You kill the boulder beetle!
Trog accepts your kill.
You hit the boulder beetle but do no damage.
Your Fighting skill increases to level 7!
Your Axes skill gained 2 levels and is now at level 10!
Your Dodging skill increases to level 7!
You have reached level 7!
You have reached level 8!
You are too berserk!
You slash the boulder beetle!
The boulder beetle is moderately wounded.
The boulder beetle barely misses you.
You hit the boulder beetle but do no damage.
The boulder beetle is moderately wounded.
You slash the boulder beetle!
The boulder beetle is moderately wounded.
The boulder beetle bites you!!
You die...

##+##
##.#.##
#..#..#
###.#####
#'###.##
##.##.#.#
+.B.†###+
##@##.#.#
#†###.##
.#. ###
.. .. ##$
.## ## ##


You could see a boulder beetle.

Vanquished Creatures
  A boulder beetle (D)
  2 wyverns (D)
  4 worker ants (D)
7 creatures vanquished.

Vanquished Creatures (others)
  Menkaure (D)
1 creature vanquished.

Grand Total: 8 creatures vanquished

Notes
Turn   | Place    | Note
-------+----------+-------------------------------------------
     0 | D        | reriks the Troll Berserker began the quest for the Orb.
     0 | D        | Reached XP level 1. HP: 22/22 MP: 0/0
     1 | D        | Noticed a worker ant
     1 | D        | Noticed a worker ant
    11 | D        | Killed a worker ant
    12 | D        | Reached skill level 4 in Axes
    12 | D        | Reached XP level 2. HP: 27/31 MP: 1/1
    17 | D        | Reached XP level 3. HP: 32/39 MP: 2/2
    45 | D        | Killed Menkaure
    61 | D        | Reached ** piety under Trog
    62 | D        | Reached skill level 5 in Axes
    62 | D        | Reached XP level 4. HP: 48/48 MP: 3/3
   213 | D        | Noticed a wyvern
   213 | D        | Noticed a wyvern
   218 | D        | Killed a wyvern
   219 | D        | Reached skill level 5 in Fighting
   219 | D        | Reached skill level 7 in Axes
   219 | D        | Reached skill level 5 in Dodging
   219 | D        | Reached XP level 5. HP: 58/58 MP: 4/4
   224 | D        | Killed a wyvern
   225 | D        | Reached skill level 8 in Axes
   225 | D        | Reached XP level 6. HP: 68/68 MP: 5/5
   274 | D        | Noticed a boulder beetle
   274 | D        | Noticed a boulder beetle
   287 | D        | HP: 1/102 [boulder beetle (11)]
   289 | D        | Killed a boulder beetle
   289 | D        | Reached *** piety under Trog
   290 | D        | Reached skill level 10 in Axes
   290 | D        | Reached XP level 7. HP: 3/79 MP: 6/6
   290 | D        | Reached XP level 8. HP: 4/88 MP: 7/7
   292 | D        | Demolished by a boulder beetle

Illustrated notes

Levels and vault maps discovered:
D:        the_violet_keep_of_menkaure [sprint2_stairs_cluster_1,
          sprint2_shoproom, sprint2_temple, sprint2_basic_supplies,
          sprint2_obstacle_4, sprint2_obstacle_7, sprint2_obstacle_5,
          sprint2_obstacle_2, sprint2_obstacle_3, sprint2_timed_cluster_1,
          sprint2_smallroom_cluster_1, sprint2_smallroom_final_cluster_1,
          sprint2_transparent_cluster_1, sprint2_second_timed_cluster_1,
          sprint2_sniper_area_1, sprint2_heavy_combat_area_1,
          sprint2_mutation_trap_area_1, sprint2_forest_area_1,
          sprint2_light_combat_area_1, sprint2_behind_water_1,
          sprint2_near_end_vault_1]

Skill      XL: |  1  2  3  4  5  6 |
---------------+-------------------+-----
Fighting       | 3 4 5 6 7 |  7.9
Axes           | 4 5 7 8 10 | 10.8
Dodging        | 3 4 5 6 7 |  7.9

Action                   |  1- 3 |  4- 6 |  7- 9 || total
-------------------------+-------+-------+-------++-------
Melee: Hand axe          |    19 |    26 |     3 ||    48
Invok: Berserk           |     2 |     2 |       ||     4
       Trog's Hand       |       |     2 |       ||     2
Armor: Animal skin       |     2 |       |       ||     2
Dodge: Dodged            |     8 |    11 |     1 ||    20

Table legend: (Time is in decaauts)
 A = Elapsed time spent in this place.
 B = Non-inter-level travel time spent in this place.
 C = Inter-level travel time spent in this place.
 D = Time resting spent in this place.
 E = Time spent auto-exploring this place.
 F = Levels seen in this place.
 G = Mean time per level.
                   A        B        C        D        E       F      G
               +--------+--------+--------+--------+--------+-----+--------+
         Total |    301 |    301 |      0 |    229 |      0 |   1 |  301.0 |
       Dungeon |    301 |    301 |      0 |    229 |      0 |   1 |  301.0 |
               +--------+--------+--------+--------+--------+-----+--------+

Top non-repeatable levels by time:
       D: 301 daAuts
